 Dungeon Crawl Stone Soup version 0.21.1-1-g345015f (webtiles) character file.

1178 Mirai the Covert (level 8, -1/41 HPs)
             Began as a Kobold Enchanter on Apr 23, 2018.
             Was an Initiate of Okawaru.
             Killed by nerve-wracking pain
             ... invoked by Menkaure
              (11 damage)
             ... on level 5 of the Dungeon.
             The game lasted 00:20:02 (5025 turns).

Mirai the Covert (Kobold Enchanter)                 Turns: 5025, Time: 00:20:03

Health: -1/41      AC:  4    Str:  5    XL:     8   Next: 69%
Magic:  11/11      EV: 24    Int: 16    God:    Okawaru [......]
Gold:   216        SH:  0    Dex: 18    Spells: 8/11 levels left

rFire    + . .     SeeInvis .   s - +0 rapier
rCold    + . .     Gourm    .   (shield restricted)
rNeg     . . .     Faith    .   b - +0 robe
rPois    +         Spirit   .   (no helmet)
rElec    +         Reflect  .   (no cloak)
rCorr    +         Harm     .   (no gloves)
MR       .....     Rnd*Tele +   m - +1 pair of boots
Stlth    ++++......             (no amulet)
HPRegen  0.13/turn              f - +5 ring of evasion
MPRegen  0.12/turn              r - ring of teleportation (curse)

@: resistant
A: small, carnivore
a: Renounce Religion


You were on level 5 of the Dungeon.
You worshipped Okawaru.
Okawaru was noncommittal.
You were very full.

You visited 2 branches of the dungeon, and saw 6 of its levels.

You collected 216 gold pieces.

Inventory:

Hand Weapons
 s - a +0 rapier (weapon)
Armour
 b - a +0 robe (worn)
 e - a +0 leather armour
 g - a +0 shield
 j - a +0 leather armour
 l - a +0 leather armour
 m - a +1 pair of boots (worn)
 q - a +0 leather armour
Jewellery
 f - a +5 ring of evasion (left hand)
 k - an uncursed ring of positive energy {unknown}
 r - a cursed ring of teleportation (right hand)
 u - an uncursed ring of magical power {unknown}
Wands
 a - a wand of digging (19)
Scrolls
 i - a scroll of enchant armour
 n - 4 scrolls of identify
Potions
 h - 2 potions of flight
 t - a potion of resistance
Books
 c - a book of Maledictions

   Spells                             Type                      Level
   a - Corona                         Hexes                        1
   b - Ensorcelled Hibernation        Hexes/Ice                    2
   c - Confuse                        Hexes                        3
   d - Tukima's Dance                 Hexes                        3
   e - Dazzling Spray                 Conjuration/Hexes            3
Comestibles
 d - 9 rations
 o - 11 chunks of flesh


   Skills:
 + Level 6.3 Short Blades
 + Level 6.3 Dodging
 + Level 8.0 Stealth
 - Level 2.1 Spellcasting
 - Level 4.0 Hexes
 + Level 3.8 Ice Magic


You had 8 spell levels left.
You knew the following spells:

 Your Spells              Type           Power        Failure   Level  Hunger
a - Corona                Hex            ##.....      3%          1    #......
b - Ensorcelled Hibernat  Hex/Ice        ##....       6%          2    ###....


Dungeon Overview and Level Annotations

Branches:
Dungeon (5/15)             Temple (1/1) D:5

Altars:
Elyvilon
Okawaru
Uskayaw
Wu Jian
Xom
Zin

Annotations:
D:5 Menkaure


Innate Abilities, Weirdness & Mutations

You are small and have problems with some larger weapons.
You are carnivorous and can eat meat at any time.


Message History

Menkaure completely misses you.
You hit Menkaure.
Menkaure is moderately damaged.
Menkaure misses you.
You barely miss Menkaure.
Menkaure is moderately damaged.
You hit Menkaure.
Menkaure is heavily damaged.
Menkaure murmurs a few words.
Menkaure hits you!!
* * * LOW HITPOINT WARNING * * *
Unknown command.
Menkaure casts a spell.
Menkaure seems to speed up.
Okay, then.
Menkaure casts a spell at you.
You struggle to resist.
Menkaure points at you and mumbles some strange words.
Pain shoots through your body!
You die...

#.# #.# #.# #)# #.#
#.# #.###.# #...[.#
#..#### # ##..# ##
##...#############.
#.@..M.............
##...########......
##.)# #.##### ##.#
#.# #
#.########.#####
#...........##.#
##########......
#.............
#.######.##.#.


You could see Menkaure.

Vanquished Creatures
  Sigmund (D:5)
  Duvessa (D:5)
  An ice beast (D:5)
  2 ogres
  A centaur (D:5)
  Dowan (D:5)
  A jelly (D:5)
  A bullfrog skeleton (D:4)
  3 orc wizards (D:4)
  An iguana (D:4)
  5 worker ants
  4 gnolls (D:3)
  7 adders
  An ooze (D:3)
  5 worms
  21 orcs
  3 ball pythons
  8 bats
  6 giant cockroaches
  8 goblins
  4 hobgoblins
  6 jackals (D:2)
  2 quokkas (D:4)
  A frilled lizard (D:1)
  A jackal skeleton (D:4)
  5 kobolds
  9 rats
109 creatures vanquished.

Vanquished Creatures (others)
  An orc (D:4)
1 creature vanquished.

Grand Total: 110 creatures vanquished

Notes
Turn   | Place    | Note
-------+----------+-------------------------------------------
     0 | D:1      | Mirai the Kobold Enchanter began the quest for the Orb.
     0 | D:1      | Reached XP level 1. HP: 10/10 MP: 3/3
   256 | D:1      | Reached XP level 2. HP: 12/15 MP: 3/5
   265 | D:1      | Learned a level 2 spell: Ensorcelled Hibernation
   725 | D:2      | Reached XP level 3. HP: 15/19 MP: 6/6
  1362 | D:2      | Reached XP level 4. HP: 24/24 MP: 7/7
  1688 | D:3      | Reached skill level 5 in Stealth
  1863 | D:2      | Reached XP level 5. HP: 23/28 MP: 1/8
  2592 | D:4      | Noticed an ogre
  2602 | D:4      | Killed an ogre
  2602 | D:4      | Reached skill level 1 in Ice Magic
  2602 | D:4      | Reached XP level 6. HP: 32/32 MP: 6/9
  2798 | D:4      | Reached skill level 6 in Stealth
  3288 | D:4      | Reached XP level 7. HP: 30/36 MP: 7/10
  3929 | D:4      | Reached skill level 5 in Dodging
  4335 | D:5      | Entered Level 5 of the Dungeon
  4343 | D:5      | Noticed Sigmund
  4369 | D:5      | Killed Sigmund
  4369 | D:5      | Reached skill level 5 in Short Blades
  4369 | D:5      | Reached skill level 7 in Stealth
  4369 | D:5      | Reached XP level 8. HP: 34/41 MP: 8/11
  4386 | D:5      | Noticed Duvessa
  4386 | D:5      | Noticed Dowan
  4630 | D:5      | Killed Duvessa
  4671 | D:5      | Killed Dowan
  4807 | D:5      | Found a staircase to the Ecumenical Temple.
  4817 | Temple   | Entered the Ecumenical Temple
  4824 | Temple   | Became a worshipper of Warmaster Okawaru
  4985 | D:5      | Reached skill level 8 in Stealth
  4991 | D:5      | Noticed Menkaure
  5025 | D:5      | Killed from afar by Menkaure

Skill      XL: |  1  2  3  4  5  6  7  8 |
---------------+-------------------------+-----
Short Blades   | 2 3 4 5 6 |  6.3
Dodging        | 3 4 5 6 |  6.3
Stealth        | 5 6 7 8 |  8.0
Hexes          | 4 |  4.0
Ice Magic      | 1 2 3 |  3.8
Spellcasting   | |  2.1

Action                   |  1- 3 |  4- 6 |  7- 9 || total
-------------------------+-------+-------+-------++-------
Melee: Dagger            |   149 |   128 |       ||   277
       Rapier            |       |    57 |   136 ||   193
 Cast: Corona            |     8 |     5 |       ||    13
       Ensorcelled Hiber |     5 |    41 |    40 ||    86
  Use: Scroll            |       |     5 |     2 ||     7
       Potion            |       |     5 |     4 ||     9
 Stab: Sleeping          |     8 |    31 |    18 ||    57
  Eat: Chunk             |    10 |    10 |     8 ||    28
Armor: Robe              |    16 |    12 |    13 ||    41
Dodge: Dodged            |   192 |   151 |   110 ||   453
